 Dungeon Crawl Stone Soup version 0.24.0-1-gfbc8707122 (webtiles) character file.

Game seed: 8189755905511023568, levelgen mode: deterministic

3279032 Amplified the Bringer of Law (level 27, 273/273 HPs)
             Began as a Hill Orc Monk on Oct 27, 2019.
             Was the Champion of Zin.
             Escaped with the Orb
             ... and 5 runes on Oct 28, 2019!
             The game lasted 02:35:47 (70096 turns).

Amplified the Bringer of Law (Hill Orc Monk)       Turns: 70096, Time: 02:35:47

Health: 273/273    AC: 57    Str: 33    XL:     27
Magic:  40/40      EV: 20    Int: 10    God:    Zin [******]
Gold:   3274       SH: 18    Dex: 16    Spells: 15/26 levels left

rFire    + + .     SeeInvis +   Q - +5 broad axe (freeze)
rCold    + + .     Gourm    .   F - +2 shield {rN+}
rNeg     + + .     Faith    .   U - +14 crystal plate armour of the Nexus {*Contam rF+ Regen+}
rPois    .         Spirit   +   x - +2 helmet {SInv}
rElec    .         Reflect  .   Y - scarf {Spirit}
rCorr    .         Harm     .   W - +2 pair of gloves
MR       ++++.     Clarity  +   t - +2 pair of boots
Stlth    ..........             X - amulet of the Four Winds {rN+ MR+++ Clar}
HPRegen  0.95/turn              e - ring "Usulifal" {rF+ Str+3 Dex+2 Slay+2}
MPRegen  0.27/turn              u - ring of Farghezo {+Blink rC++ MR- Str+4 Stlth-}

@: no status effects
A: no striking features
0: Orb of Zot
}: 5/15 runes: serpentine, barnacled, slimy, silver, abyssal
a: Recite, Vitalisation, Imprison, Sanctuary, Donate Gold, Renounce Religion,
Evoke Blink


You escaped.
You worshipped Zin.
Zin was exalted by your worship.
You were not hungry.

You visited 12 branches of the dungeon, and saw 58 of its levels.
You visited the Abyss 4 times.

You collected 9569 gold pieces.
You spent 5852 gold pieces at shops.
You donated 443 gold pieces to Zin.

Inventory:

Hand Weapons
 n - the +5 war axe of the Scorpion {elec, +Fly rN+ MP+9 Str+2}
   (You found it on level 9 of the Dungeon)

   Occasionally, upon striking a foe, it will discharge some electrical energy
   and cause terrible harm.
   It affects your strength (+2).
   It protects you from negative energy.
   It affects your magic capacity (+9).
   It lets you fly.
 M - a +7 broad axe of flaming
 Q - a +5 broad axe of freezing (weapon)
Missiles
 a - 75 silver javelins
 j - 132 poisoned darts (quivered)
 p - 15 curare-tipped darts
Armour
 t - a +2 pair of boots (worn)
 x - a +2 helmet of see invisible (worn)
 F - a +2 shield of positive energy (worn)
 U - the +14 crystal plate armour of the Nexus (worn) {*Contam rF+ Regen+}
   (You acquired it on level 2 of the Elven Halls)

   It protects you from fire.
   It causes magical contamination when unequipped.
   It increases your rate of regeneration.
 W - a +2 pair of gloves (worn)
 Y - a scarf of spirit shield (worn)
Jewellery
 d - the amulet of the Air {Inacc +Fly rElec EV+5 RMsl}
   (You bought it in a shop on level 12 of the Dungeon)

   [amulet of inaccuracy]

   It reduces the accuracy of all your attacks.
   It affects your evasion (+5).
   It insulates you from electricity.
   It lets you fly.
   It protects you from missiles.
 e - the ring "Usulifal" (left hand) {rF+ Str+3 Dex+2 Slay+2}
   (You found it on level 5 of the Depths)

   [ring of dexterity]

   It affects your strength (+3).
   It affects your dexterity (+2).
   It affects your accuracy and damage with ranged weapons and melee attacks
   (+2).
   It protects you from fire.
 g - the necklace of Bloodlust {*Rage +Rage MR++ Int-3 Slay+6 *Curse}
   (You bought it in a shop on level 3 of the Snake Pit)

   [amulet of rage]

   It affects your intelligence (-3).
   It affects your accuracy and damage with ranged weapons and melee attacks
   (+6).
   It affects your resistance to hostile enchantments.
   It lets you go berserk.
   It may make you go berserk in combat.
   It curses itself when equipped.
 h - an uncursed ring of poison resistance
 k - the ring of Kedal {rF+ rN+ Int+2}
   (You took it off a fire giant on level 5 of the Vaults)

   [ring of protection from fire]

   It affects your intelligence (+2).
   It protects you from fire.
   It protects you from negative energy.
 o - the amulet "Mitudgh" {RegenMP rC++ Slay-2}
   (You found it on level 4 of the Depths)

   [amulet of magic regeneration]

   It increases your magic regeneration.
   It affects your accuracy and damage with ranged weapons and melee attacks
   (-2).
   It greatly protects you from cold.
 u - the ring of Farghezo (right hand) {+Blink rC++ MR- Str+4 Stlth-}
   (You found it on level 3 of the Elven Halls)

   [ring of attention]

   It affects your strength (+4).
   It greatly protects you from cold.
   It affects your resistance to hostile enchantments.
   It lets you blink.
   It makes you less stealthy.
 K - the ring "Zemiac" {rN+ Str+7}
   (You found it on level 5 of the Pits of Slime)

   [ring of positive energy]

   It affects your strength (+7).
   It protects you from negative energy.
 L - the ring of Hegruedu {rCorr Int+5 Dex+6}
   (You found it on level 3 of the Elven Halls)

   [ring of resist corrosion]

   It affects your intelligence (+5).
   It affects your dexterity (+6).
   It provides partial protection from all sources of acid and corrosion.
 P - an uncursed amulet of the acrobat
 R - the amulet of Makhleb's Vengeance {-Tele Regen+ Int+3 SInv}
   (You bought it in a shop on level 2 of the Snake Pit)

   [amulet of regeneration]

   It affects your intelligence (+3).
   It lets you see invisible.
   It prevents most forms of teleportation.
   It increases your rate of regeneration.
 X - the amulet of the Four Winds (around neck) {rN+ MR+++ Clar}
   (You found it on level 5 of the Pits of Slime)

   [amulet of nothing]

   It protects you from negative energy.
   It affects your resistance to hostile enchantments.
   It protects you against confusion.
Wands
 s - a wand of paralysis (32)
 v - a wand of iceblast (22)
 C - a wand of disintegration (49)
 D - a wand of flame (17)
 I - a wand of acid (26)
Scrolls
 i - 33 scrolls of remove curse
 m - a scroll of fog
 r - 7 scrolls of identify
 y - 11 scrolls of amnesia
 A - 2 scrolls of brand weapon
 G - 7 scrolls of fear
 H - 12 scrolls of teleportation
 Z - 2 scrolls of magic mapping
Potions
 l - 5 potions of haste
 q - 4 potions of magic
 w - 3 potions of flight
 z - 22 potions of curing
 B - a potion of mutation
 E - 9 potions of brilliance
 J - 5 potions of heal wounds
 O - a potion of ambrosia
Miscellaneous
 b - 5 phantom mirrors
 f - a lamp of fire
Comestibles
 c - 86 rations


   Skills:
 O Level 27 Fighting
 - Level 18.0(18.1) Axes
   Level 3.1(10.9) Maces & Flails
 O Level 27 Armour
 * Level 19.0 Dodging
 - Level 3.3 Stealth
 - Level 16.0 Shields
   Level 12.3 Poison Magic
 O Level 27 Invocations
 - Level 17.3 Evocations


You had 15 spell levels left.
You knew the following spells:

 Your Spells              Type           Power        Failure   Level  Hunger
a - Conjure Flame         Conj/Fire      #.......     99%         3    ####...
b - Confusing Touch       Hex            #.....       86%         1    ##.....
c - Swiftness             Chrm/Air       #.......     95%         2    ###....
d - Passwall              Tmut/Erth      #.......     95%         2    ###....
e - Spectral Weapon       Hex/Chrm       #.......     99%         3    ####...

Your spell library contained the following spells:

 Spells                   Type           Power        Failure   Level  Hunger
 Olgreb's Toxic Radiance  Pois           ###.....     11%         4    #####..
 Sting                    Conj/Pois      ##..         14%         1    ##.....
 Poisonous Vapours        Pois/Air       ##....       22%         2    ###....
 Spider Form              Tmut/Pois      ##........   38%         3    ####...
 Ignite Poison            Fire/Tmut/Pois #.......     67%         3    ####...
 Mephitic Cloud           Conj/Pois/Air  #.......     67%         3    ####...
 Animate Skeleton         Necr           N/A          86%         1    ##.....
 Apportation              Tloc           #.....       86%         1    ##.....
 Beastly Appendage        Tmut           #.....       86%         1    ##.....
 Flame Tongue             Conj/Fire      #....        86%         1    ##.....
 Freeze                   Ice            #...         86%         1    ##.....
 Infusion                 Chrm           #...         86%         1    ##.....
 Magic Dart               Conj           #...         86%         1    ##.....
 Pain                     Necr           #...         86%         1    ##.....
 Shock                    Conj/Air       #...         86%         1    ##.....
 Summon Small Mammal      Summ           #...         86%         1    ##.....
 Blink                    Tloc           N/A          95%         2    ###....
 Call Imp                 Summ           #.......     95%         2    ###....
 Corpse Rot               Necr           N/A          95%         2    ###....
 Ensorcelled Hibernation  Hex/Ice        #.....       95%         2    ###....
 Shroud of Golubria       Chrm/Tloc      #.....       95%         2    ###....
 Slow                     Hex            #.......     95%         2    ###....
 Song of Slaying          Chrm           #.......     95%         2    ###....
 Sticks to Snakes         Tmut           #.......     95%         2    ###....
 Throw Flame              Conj/Fire      #.....       95%         2    ###....
 Throw Frost              Conj/Ice       #.....       95%         2    ###....
 Venom Bolt               Conj/Pois      ##........   98%         5    ######.
 Call Canine Familiar     Summ           #.......     99%         3    ####...
 Confuse                  Hex            #.......     99%         3    ####...
 Gell's Gravitas          Tloc           #.........   99%         3    ####...
 Inner Flame              Hex/Fire       #.......     99%         3    ####...
 Ozocubu's Armour         Chrm/Ice       #.......     99%         3    ####...
 Recall                   Summ/Tloc      N/A          99%         3    ####...
 Regeneration             Chrm/Necr      #.........   99%         3    ####...
 Static Discharge         Conj/Air       #.......     99%         3    ####...
 Stone Arrow              Conj/Erth      #.....       99%         3    ####...
 Summon Guardian Golem    Hex/Summ       #.......     99%         3    ####...
 Vampiric Draining        Necr           #.........   99%         3    ####...
 Airstrike                Air            #.........   100%        4    #####..
 Animate Dead             Necr           N/A          100%        4    #####..
 Cause Fear               Hex            #.........   100%        4    #####..
 Ice Form                 Ice/Tmut       #.......     100%        4    #####..
 Leda's Liquefaction      Hex/Erth       #.........   100%        4    #####..
 Petrify                  Tmut/Erth      #.......     100%        4    #####..
 Sticky Flame             Conj/Fire      #.......     100%        4    #####..
 Summon Ice Beast         Ice/Summ       #.......     100%        4    #####..
 Summon Lightning Spire   Summ/Air       #.......     100%        4    #####..
 Throw Icicle             Conj/Ice       #.......     100%        4    #####..
 Blade Hands              Tmut           #.........   100%        5    ######.
 Bolt of Magma            Conj/Fire/Erth #.........   100%        5    ######.
 Borgnjor's Vile Clutch   Necr/Erth      #.........   100%        5    ######.
 Excruciating Wounds      Chrm/Necr      #.........   100%        5    ######.
 Fireball                 Conj/Fire      #.........   100%        5    ######.
 Irradiate                Conj/Tmut      #.........   100%        5    ######.
 Iskenderun's Battlesphe  Conj/Chrm      #.......     100%        5    ######.
 Lee's Rapid Deconstruct  Erth           #.........   100%        5    ######.
 Lightning Bolt           Conj/Air       #.........   100%        5    ######.
 Metabolic Englaciation   Hex/Ice        #.........   100%        5    ######.
 Silence                  Hex/Air        #.........   100%        5    ######.
 Summon Forest            Summ/Tloc      #.........   100%        5    ######.
 Summon Mana Viper        Hex/Summ       #.......     100%        5    ######.
 Yara's Violent Unravell  Hex/Tmut       #.........   100%        5    ######.
 Bolt of Cold             Conj/Ice       #.........   100%        6    #######
 Bolt of Fire             Conj/Fire      #.........   100%        6    #######
 Conjure Ball Lightning   Conj/Air       #.........   100%        6    #######
 Darkness                 Hex            #.........   100%        6    #######
 Death Channel            Necr           #.........   100%        6    #######
 Deflect Missiles         Chrm/Air       #.........   100%        6    #######
 Freezing Cloud           Conj/Ice/Air   #.........   100%        6    #######
 Hydra Form               Tmut           #.........   100%        6    #######
 Invisibility             Hex            #.......     100%        6    #######
 Iron Shot                Conj/Erth      #.........   100%        6    #######
 Ozocubu's Refrigeration  Ice            #.........   100%        6    #######
 Poison Arrow             Conj/Pois      ##........   100%        6    #######
 Shadow Creatures         Summ           N/A          100%        6    #######
 Simulacrum               Ice/Necr       #.........   100%        6    #######
 Statue Form              Tmut/Erth      #........    100%        6    #######
 Dragon Form              Tmut           #.........   100%        7    #######
 Orb of Destruction       Conj           #.........   100%        7    #######
 Ring of Flames           Chrm/Fire      #.........   100%        7    #######
 Spellforged Servitor     Conj/Summ      #.........   100%        7    #######
 Summon Hydra             Summ           #.........   100%        7    #######
 Chain Lightning          Conj/Air       #.........   100%        8    #######
 Discord                  Hex            #.........   100%        8    #######
 Ignition                 Fire           #.........   100%        8    #######
 Lehudib's Crystal Spear  Conj/Erth      #.........   100%        8    #######
 Fire Storm               Conj/Fire      #.........   100%        9    #######
 Glaciate                 Conj/Ice       #.........   100%        9    #######
 Shatter                  Erth           #.........   100%        9    #######
 Tornado                  Air            #.........   100%        9    #######
 Passage of Golubria      Tloc           Unusable     N/A         4    N/A

Dungeon Overview and Level Annotations

Branches:
Dungeon (15/15)            Temple (1/1) D:6            Lair (6/6) D:9
 Shoals (4/4) Lair:3        Snake (4/4) Lair:2        Slime (5/5) Lair:5
    Orc (2/2) D:9             Elf (3/3) Orc:2        Vaults (5/5) D:14
  Crypt (3/3) Vaults:3       Tomb (0/3) Crypt:3      Depths (5/5) D:15
    Zot (5/5) Depths:5

Altars:
Ashenzari
Cheibriados
Dithmenos
Elyvilon
Fedhas
Gozag
Hepliaklqana
Kikubaaqudgha
Makhleb
Nemelex Xobeh
Okawaru
Qazlal
Ru
Sif Muna
Trog
Uskayaw
Vehumet
Wu Jian
Xom
Yredelemnul
Zin
The Shining One
Jiyva
Lugonu

Shops:
D:12 *   Orc:2 ?:(   Elf:2 ?   Shoals:3 =   Snake:2 ::*=   Snake:3 }=}
Snake:4 [=(   Vaults:1 }

Portals:
Hell: Depths:1 Depths:2 Depths:3 Depths:4 Depths:5
Abyss: Depths:4
Pandemonium: Depths:3 Depths:4
Ziggurat: Depths:3
Trove: D:13 (give +6 ice dragon scales)

Annotations:
D:12 Careful now, runes..
Lair:2 1 runed translucent door, Curus's ghost, journeyman MiMo
Shoals:1 , watch out
Elf:2 Two-tick Crypt.
Vaults:4
Abyss to Slime, Endgame
Crypt:1 Careful Vaults, Abyss, Slime, Clear.


Message History

There is an escape hatch in the floor here.
Evoke which item? (* to show all) (? for menu, Esc to quit)
Aiming: Dig
Press: ? - help, Shift-Dir - straight line A rock wall.
This square is covered in magical glow.
The rock shatters into small pieces.
Evoke which item? (* to show all) (? for menu, Esc to quit)
That's the wrong kind of item! (Use * to select it.) Evoke which item? (* to show all) (? for menu, Esc to quit)
Huh?
Evoke which item? (* to show all) (? for menu, Esc to quit)
Okay, then.
Evoke which item? (* to show all) (? for menu, Esc to quit)
Aiming: Dig
Press: ? - help, Shift-Dir - straight line This square is covered in magical glow.
The rock shatters into small pieces.
The now-empty wand crumbles to dust.
There is a staircase leading out of the dungeon here.
You have escaped!

#............#######.###..#.#.##.
#....................###..#.#.##.
#.............................##.
#.............................###
#.............♣.....#.#....(..# #
######'##.#....8....#.#.#####.###
#.##.#.........#.#...)......
###+##.#.........#.########.##
#......#.....@......## #.##
#......#.........#.#.## #.##
#.....#######.####.##.## #..#
#.)............###.###.## ##.#
#.....###..###.....# ##.## #..
#.....# #....####### ##.####.
#.....###.##.# ##.....
#....)#......# #..>..
#.....#.....)# #.....


There were no monsters in sight!

Vanquished Creatures
  the Royal Jelly (Slime:5)
  Khufu (Crypt:2)
  2 orbs of fire
  5 ancient liches
  2 greater mummies (Crypt:3)
  Boris (Crypt:3)
  4 Killer Klowns (Zot:5)
  Vashnia (Snake:3)
  3 curse toes
  13 golden dragons
  A profane servitor (Abyss:4)
  6 bone dragons
  2 electric golems
  Jorgrun (Shoals:1)
  A hellephant (Abyss:4)
  An Ice Fiend (Depths:5)
  32 tentacled monstrosities
  A shard shrike skeleton (Crypt:3)
  6 liches
  2 deep elf blademasters
  22 Orb Guardians
  4 titans (Vaults:5)
  6 quicksilver dragons
  Gastronok (Orc:1)
  4 death cobs
  A deep elf master archer (Elf:3)
  10 ancient champions
  A sphinx (Vaults:2)
  The ghost of popps the Warrior, an adept GrFi of Okawaru (Shoals:1)
  Kirke (Shoals:2)
  11 tentacled starspawn
  25 acid blobs
  9 shadow dragons
  Donald (Shoals:3)
  11 storm dragons
  9 nagarajas
  4 revenants
  12 tengu reavers
  2 daevas
  Roxanne (Elf:1)
  9 draconian monks
  8 frost giants
  15 azure jellies
  3 ghost moths
  An iron dragon (Depths:2)
  10 vault wardens
  3 balrugs
  8 draconian knights
  15 fire giants
  5 draconian scorchers
  10 deep elf sorcerers
  17 draconian shifters
  2 cacodemons (Abyss:3)
  6 draconian stormcallers
  5 curse skulls
  8 deep elf elementalists
  18 ironheart preservers
  4 ghouls
  2 angels
  3 war gargoyles
  A juggernaut skeleton (Crypt:2)
  An ophan (Abyss:4)
  15 stone giants
  2 spriggan defenders (Depths:4)
  19 very ugly things
  3 reapers
  10 draconian annihilators
  6 caustic shrike skeletons
  7 vampire knights
  16 yellow draconians
  2 grey draconians (Depths:5)
  8 red draconians
  A lorocyproca (Abyss:4)
  15 white draconians
  6 deep elf demonologists
  11 green draconians
  Azrael (Elf:1)
  11 deep elf annihilators
  13 black draconians
  9 purple draconians
  2 blizzard demons
  7 merfolk javelineers
  4 spark wasps (Depths:2)
  6 ettins
  6 deep elf death magi
  6 death oozes (Slime:5)
  3 eidola (Crypt:2)
  17 yaktaur captains
  3 merfolk impalers
  9 jiangshi
  13 deep elf high priests
  13 fire dragons
  12 great orbs of eyes
  2 quicksilver dragon skeletons (Crypt:3)
  8 rakshasas
  11 ice dragons
  2 merfolk avatars
  A shambling mangrove (Abyss:4)
  18 naga warriors
  8 hydras
  34 vault guards
  2 catoblepae (Lair:6)
  A caustic shrike simulacrum (Depths:3)
  2 hell beasts
  4 merfolk aquamancers
  3 spriggan air magi
  12 anacondas
  6 centaur warriors
  4 death yaks (Lair:6)
  17 ogre magi
  29 dancing weapons
  6 death knights
  43 two-headed ogres
  Erica (Orc:2)
  7 satyrs
  9 spriggan berserkers
  12 deep troll earth magi
  8 deep troll shamans
  19 tengu warriors
  19 thrashing horrors
  8 shock serpents
  Urug (D:10)
  15 naga sharpshooters
  9 hell knights
  8 vampire magi
  4 soul eaters
  2 storm dragon zombies
  23 deep elf knights
  3 titan skeletons
  16 wretched stars
  2 iron trolls
  47 skeletal warriors
  7 sun demons
  A fire crab (Abyss:4)
  7 shadow wraiths
  13 sea snakes
  3 salamander mystics
  6 sixfirhies
  8 spatial maelstroms
  A sea snake (shapeshifter) (Depths:4)
  4 unseen horrors
  8 glowing orange brains
  48 deep trolls
  2 wizards
  4 quicksilver dragon simulacra
  4 spectral merfolk (Shoals:1)
  16 small abominations
  An anaconda zombie (Crypt:1)
  A golden dragon zombie (Abyss:4)
  An anaconda skeleton (Crypt:3)
  9 naga ritualists
  14 flayed ghosts
  4 swamp dragons
  9 orc knights
  A golden dragon skeleton (Depths:3)
  13 deep elf archers
  16 phantasmal warriors
  An orange crystal statue (D:14)
  13 ironbrand convokers
  A sphinx zombie (Depths:3)
  15 harpies
  11 necromancers
  A salamander (shapeshifter) (Abyss:4)
  A harpy (shapeshifter) (Vaults:5)
  Pikel (D:7)
  17 mana vipers
  An orb spider (shapeshifter) (Depths:2)
  62 deep elf magi
  8 manticores
  7 wolf spiders
  3 shining eyes
  2 oklob plants (Zot:4)
  2 wolf spiders (shapeshifter)
  13 salamanders
  A frost giant zombie (Crypt:2)
  2 iron dragon skeletons
  10 cyclopes
  62 ugly things
  20 moths of wrath
  20 fauns
  2 worldbinders (Abyss:4)
  A guardian serpent (shapeshifter) (Vaults:4)
  A black mamba (shapeshifter) (D:15)
  13 elephants
  4 water nymphs
  10 rust devils
  3 stone giant skeletons
  40 black mambas
  15 vault sentinels
  2 dire elephant zombies (Crypt:2)
  A frost giant skeleton (Crypt:3)
  18 naga magi
  A water nymph (shapeshifter) (D:15)
  5 guardian serpents
  9 apocalypse crabs
  5 merfolk sirens
  Joseph (D:8)
  17 smoke demons
  An ice statue (Depths:2)
  3 fire giant skeletons (Crypt:3)
  6 eyes of devastation
  A spectral sea snake (Shoals:1)
  7 spiny frogs
  A death yak zombie (Crypt:2)
  7 orange demons
  8 rime drakes
  16 freezing wraiths
  A storm dragon simulacrum (Abyss:4)
  A yaktaur (shapeshifter) (Vaults:4)
  3 hellions
  9 komodo dragons
  2 yaktaur zombies (Vaults:1)
  2 demonic crawlers (Abyss:4)
  2 ice devils (Depths:2)
  6 efreet
  3 hellwings
  A sea snake zombie (Crypt:1)
  A black draconian skeleton (Crypt:1)
  37 yaktaurs
  8 red devils
  6 tengu conjurers
  A jumping spider (shapeshifter) (D:15)
  12 trolls
  10 polar bears
  A silent spectre (Abyss:5)
  A green draconian skeleton (Crypt:3)
  A queen bee (shapeshifter) (Vaults:1)
  9 ancient zymes
  12 hornets
  A queen bee (D:9)
  4 wind drakes
  A harpy skeleton (Crypt:1)
  A shadow dragon simulacrum (Abyss:4)
  A jumping spider zombie (Crypt:1)
  11 dream sheep
  21 blink frogs
  2 hydra skeletons (Crypt:3)
  11 snapping turtles
  30 merfolk
  41 raiju
  Prince Ribbit (Lair:1)
  A moth of wrath zombie (Crypt:1)
  2 alligator zombies (Abyss:4)
  16 hippogriffs
  A hippogriff (shapeshifter) (Vaults:4)
  102 slime creatures
  2 frost giant simulacra
  An ice dragon zombie (Abyss:4)
  A fire giant simulacrum (Vaults:3)
  21 flying skulls
  6 shadows
  An ice dragon skeleton (Crypt:3)
  2 ettin skeletons (Crypt:3)
  2 raiju (shapeshifter)
  2 air elementals
  43 yaks
  10 ynoxinuls
  7 spriggans
  47 starcursed masses
  23 water elementals
  A tarantella (shapeshifter) (Depths:2)
  6 wyverns
  5 fire bats (Abyss:4)
  3 vampires (Vaults:3)
  A human (shapeshifter) (Vaults:3)
  9 fire elementals
  19 humans (D:14)
  4 basilisks
  2 steam dragons (Lair:6)
  18 wraiths
  3 hogs (Shoals:2)
  A black mamba skeleton (Crypt:3)
  9 golden eyes
  7 chaos spawn
  A human simulacrum (Vaults:3)
  3 hungry ghosts
  4 vampire mosquitoes (D:12)
  2 neqoxecs (Abyss:4)
  A water nymph zombie (Crypt:2)
  A swamp worm (shapeshifter) (Depths:1)
  6 wargs
  42 nagas
  39 large abominations
  7 insubstantial wisps
  13 spatial vortices
  4 floating eyes
  2 acid dragons
  A soldier ant (D:14)
  A spectral snapping turtle (Shoals:1)
  Duvessa (D:6)
  16 hell hounds
  6 water moccasins
  8 porcupines
  25 orc warriors
  A torturous demonspawn skeleton (Crypt:3)
  An infernal demonspawn skeleton (Crypt:2)
  An ogre skeleton (Vaults:1)
  2 slaves (D:7)
  4 phantoms
  7 sky beasts
  A two-headed ogre skeleton (Crypt:2)
  2 hornet zombies (D:12)
  2 swamp drakes (Lair:6)
  4 ice beasts
  12 black bears
  A swamp dragon zombie (Crypt:3)
  5 ettin simulacra (Depths:2)
  6 eyes of draining
  An alligator simulacrum (Abyss:4)
  4 necrophages
  52 ogres
  2 swamp dragon skeletons
  23 wolves
  A snapping turtle skeleton (Crypt:3)
  23 centaurs
  A wind drake simulacrum (Shoals:1)
  16 crocodiles
  5 big kobolds
  An elf zombie (Abyss:5)
  19 bullfrogs
  A yaktaur skeleton (Crypt:2)
  4 earth elementals
  2 merfolk simulacra (Shoals:1)
  Dowan (D:6)
  A cyclops zombie (Crypt:3)
  A human skeleton (Vaults:1)
  4 scorpions
  A wyvern skeleton (D:11)
  19 killer bees
  A troll zombie (D:9)
  A snapping turtle simulacrum (Crypt:3)
  31 wights
  2 howler monkeys
  8 crimson imps
  2 centaur zombies
  4 lava snakes (D:14)
  6 quasits
  3 bullfrog zombies
  12 hounds
  15 orc priests
  2 bullfrog skeletons
  29 jellies
  14 orc wizards
  9 iron imps
  6 centaur skeletons
  8 iguanas
  A basilisk skeleton (Crypt:1)
  9 worker ants
  A killer bee zombie (D:8)
  A porcupine skeleton (Crypt:1)
  7 ogre zombies
  An acid dragon zombie (Crypt:3)
  A hound zombie (D:7)
  A naga skeleton (Crypt:2)
  2 hound skeletons
  A mummy (Crypt:3)
  A gnoll (D:9)
  15 adders
  A swamp drake zombie (Crypt:2)
  6 shadow imps
  13 white imps
  2 ufetubi
  2 oozes
  2 adder zombies
  An adder skeleton (D:4)
  A lava snake skeleton (Crypt:2)
  A worm (D:2)
  4 dart slugs
  9 leopard geckos
  62 orcs
  3 ball pythons
  2 giant cockroaches
  7 goblins
  7 hobgoblins
  9 jackals
  7 quokkas
  9 bats
  4 frilled lizards
  2 goblin zombies (D:9)
  A hobgoblin zombie (D:9)
  29 kobolds
  A kobold skeleton (Crypt:3)
  A kobold zombie (Crypt:3)
  2 orc skeletons (D:9)
  14 orc zombies (D:9)
  A quokka skeleton (D:8)
  11 rats
  2 bushes (Abyss:4)
  A butterfly (Lair:2)
  4 crawling corpses
  2 demonic plants (Abyss:4)
  5 fungi
  36 pillars of salt
  19 plants
  15 starspawn tentacles
3269 creatures vanquished.

Vanquished Creatures (collateral kills)
  A great orb of eyes (Depths:2)
  A spriggan air mage (Depths:2)
  2 spriggan berserkers (Depths:2)
  2 sea snakes (Shoals:4)
  2 manticores (Shoals:4)
  A merfolk siren (Shoals:4)
  A tengu conjurer (Depths:2)
  A wind drake (Shoals:4)
  A snapping turtle (Shoals:4)
  2 water elementals (Shoals:4)
  An orc warrior (D:7)
  An orc (D:5)
  2 plants (Shoals:4)
18 creatures vanquished.

Vanquished Creatures (others)
  Margery (Depths:4)
  A draconian knight (Zot:4)
  A deep elf demonologist (Elf:1)
  A naga warrior (Snake:4)
  A wretched star (Abyss:4)
  A faun (Shoals:4)
  A large abomination (Abyss:4)
  A smoke demon (Abyss:4)
  A hornet (Abyss:4)
  A golden eye (Abyss:4)
  A crocodile (D:9)
  3 killer bees
  A jelly (Abyss:5)
  3 adders
  An orc (Orc:1)
  3 bushes (Abyss:4)
  A crawling corpse (Depths:2)
  5 demonic plants (Abyss:4)
  5 fire vortices (Abyss:3)
  6 fungi
  A lurking horror (Abyss:4)
  131 pillars of salt
  87 plants
  21 starspawn tentacles
  4 tentacles (Abyss:4)
283 creatures vanquished.

Grand Total: 3570 creatures vanquished

Notes
Turn   | Place    | Note
-------+----------+-------------------------------------------
     0 | D:1      | Amplified the Hill Orc Monk began the quest for the Orb.
     0 | D:1      | Reached XP level 1. HP: 19/19 MP: 1/1
   332 | D:1      | Reached XP level 2. HP: 6/27 MP: 2/2
   757 | D:1      | Reached skill level 1 in Armour
   772 | D:1      | Reached XP level 3. HP: 31/33 MP: 3/3
  1255 | D:2      | Reached skill level 1 in Maces & Flails
  1255 | D:2      | Reached XP level 4. HP: 32/40 MP: 4/4
  1749 | D:3      | You fall into a shaft and drop 3 floors!
  1749 | D:6      | Found a blossoming altar of Fedhas.
  1860 | D:6      | Reached XP level 5. HP: 28/47 MP: 5/5
  2018 | D:5      | Entered Level 5 of the Dungeon
  2181 | D:5      | Reached XP level 6. HP: 41/55 MP: 6/6
  2209 | D:5      | Reached skill level 5 in Fighting
  2272 | D:4      | Found an opulent altar of Gozag.
  2365 | D:4      | Reached XP level 7. HP: 50/61 MP: 7/7
  2869 | D:4      | Found a shattered altar of Ashenzari.
  4333 | D:6      | Reached skill level 1 in Evocations
  4373 | D:6      | Reached skill level 5 in Axes
  4373 | D:6      | Reached XP level 8. HP: 39/70 MP: 7/9
  4388 | D:6      | Noticed Duvessa
  4403 | D:6      | Noticed Dowan
  4407 | D:6      | Killed Duvessa
  4407 | D:6      | Killed Dowan
  4434 | D:6      | Found a staircase to the Ecumenical Temple.
  4447 | Temple   | Entered the Ecumenical Temple
  4560 | Temple   | Became a worshipper of Zin the Law-Giver
  4560 | Temple   | Reached * piety under Zin
  4560 | Temple   | Reached ** piety under Zin
  4560 | Temple   | Reached *** piety under Zin
  4732 | D:6      | Reached skill level 1 in Invocations
  5316 | D:7      | Noticed Pikel
  5419 | D:7      | Killed Pikel
  5419 | D:7      | Reached skill level 5 in Armour
  5419 | D:7      | Reached XP level 9. HP: 57/78 MP: 10/12
  5646 | D:7      | Found Wuje's Food Emporium.
  5647 | D:7      | Reached **** piety under Zin
  5795 | D:7      | Reached skill level 5 in Invocations
  5991 | D:7      | Reached skill level 5 in Dodging
  6309 | D:8      | Noticed Joseph
  6478 | D:8      | Killed Joseph
  6548 | D:8      | Reached XP level 10. HP: 44/88 MP: 13/15
  6801 | D:8      | Reached ***** piety under Zin
  7411 | D:9      | Found a staircase to the Orcish Mines.
  7428 | D:9      | Learned a level 3 spell: Conjure Flame
  7564 | D:9      | Noticed a mana viper
  7582 | D:9      | Noticed a swamp dragon
  7582 | D:9      | a mana viper changed into a swamp dragon
  7605 | D:9      | Gained mutation: You are agile. (Dex +2) [potion of
                  | mutation]
  7633 | D:9      | Noticed a two-headed ogre
  7637 | D:9      | Found a staircase to the Lair.
  8278 | D:8      | Reached skill level 10 in Axes
  8468 | D:9      | Noticed a death drake
  8892 | D:10     | Entered Level 10 of the Dungeon
  8927 | D:10     | Killed an unseen horror
  9373 | D:10     | Reached XP level 11. HP: 44/95 MP: 17/17
  9696 | D:10     | Noticed Urug
  9712 | D:10     | Killed Urug
 10169 | D:10     | Found a blossoming altar of Fedhas.
 10672 | D:11     | Noticed a cyclops
 10679 | D:11     | Killed a cyclops
 10679 | D:11     | Reached skill level 10 in Invocations
 10783 | D:11     | Noticed a four-headed hydra
 10791 | D:11     | Killed a one-headed hydra
 10841 | D:12     | Noticed a cyclops
 11089 | D:12     | Noticed a six-headed hydra
 11099 | D:12     | Noticed a deep elf mage
 11838 | D:13     | Noticed a skeletal warrior
 11838 | D:13     | Noticed a red ugly thing
 11840 | D:13     | Noticed a death knight
 12522 | D:7      | Bought a ration for 50 gold pieces
 12522 | D:7      | Bought a ration for 50 gold pieces
 12522 | D:7      | Bought a ration for 50 gold pieces
 12522 | D:7      | Bought a ration for 50 gold pieces
 12522 | D:7      | Bought a ration for 50 gold pieces
 12522 | D:7      | Bought a ration for 50 gold pieces
 12522 | D:7      | Bought a ration for 50 gold pieces
 12905 | D:9      | Got a faintly glowing war axe
 12906 | D:9      | Identified the +5 war axe of the Scorpion {elec, +Fly rN+
                  | MP+9 Str+2} (You found it on level 9 of the Dungeon)
 13038 | D:9      | Reached XP level 12. HP: 74/106 MP: 20/20
 13335 | Lair:1   | Entered Level 1 of the Lair of Beasts
 13481 | Lair:1   | Reached skill level 10 in Fighting
 14068 | Lair:1   | Reached skill level 1 in Shields
 14194 | Lair:2   | Noticed Prince Ribbit
 14213 | Lair:1   | Killed Prince Ribbit
 14555 | Lair:2   | Found a runed translucent door.
 14556 | Lair:2   | Found a shimmering altar of Xom.
 14556 | Lair:2   | Noticed Curus's ghost (journeyman MiMo)
 14564 | Lair:2   | Found a staircase to the Snake Pit.
 15280 | Lair:3   | Found a staircase to the Shoals.
 15658 | Lair:3   | Reached XP level 13. HP: 101/114 MP: 22/22
 15760 | Lair:3   | Reached skill level 15 in Axes
 17504 | Lair:5   | Found a viscous altar of Jiyva.
 17505 | Lair:5   | Found a staircase to the Slime Pits.
 17735 | Lair:6   | Entered Level 6 of the Lair of Beasts
 17975 | Lair:6   | Reached XP level 14. HP: 101/125 MP: 24/24
 18023 | Lair:6   | Reached ****** piety under Zin
 18238 | Lair:6   | Reached skill level 10 in Armour
 19618 | Orc:1    | Entered Level 1 of the Orcish Mines
 19673 | Orc:1    | Noticed Gastronok
 19731 | Orc:1    | Killed Gastronok
 19865 | Orc:2    | Entered Level 2 of the Orcish Mines
 20066 | Orc:2    | Found a radiant altar of Vehumet.
 20093 | Orc:2    | Reached skill level 15 in Invocations
 20184 | Orc:2    | Reached XP level 15. HP: 57/135 MP: 16/26
 20956 | Orc:2    | Found Opeibrob's Magic Scroll Shop.
 20959 | Orc:2    | Found Raleblap's Book Boutique.
 20962 | Orc:2    | Found Faozek's Food Shoppe.
 20971 | Orc:2    | Found Osyxkaud's Weapon Shop.
 21018 | Orc:2    | Found a staircase to the Elven Halls.
 21115 | Orc:1    | Noticed Erica
 21123 | Orc:2    | Killed Erica
 21739 | Orc:2    | Bought a scroll of fear for 38 gold pieces
 21739 | Orc:2    | Bought a scroll of enchant weapon for 82 gold pieces
 21739 | Orc:2    | Bought a scroll of teleportation for 33 gold pieces
 21739 | Orc:2    | Bought a scroll of blinking for 82 gold pieces
 21739 | Orc:2    | Bought a scroll of teleportation for 33 gold pieces
 21753 | Orc:2    | Bought a ration for 65 gold pieces
 21753 | Orc:2    | Bought a ration for 65 gold pieces
 21753 | Orc:2    | Bought a ration for 65 gold pieces
 21753 | Orc:2    | Bought a ration for 65 gold pieces
 21753 | Orc:2    | Bought a ration for 65 gold pieces
 21753 | Orc:2    | Bought a ration for 65 gold pieces
 21753 | Orc:2    | Bought a ration for 65 gold pieces
 21753 | Orc:2    | Bought a ration for 65 gold pieces
 21753 | Orc:2    | Bought a ration for 65 gold pieces
 21753 | Orc:2    | Bought a ration for 65 gold pieces
 21753 | Orc:2    | Bought a ration for 65 gold pieces
 21753 | Orc:2    | Bought a ration for 65 gold pieces
 21753 | Orc:2    | Bought a ration for 65 gold pieces
 21753 | Orc:2    | Bought a ration for 65 gold pieces
 21759 | Orc:2    | Bought a book of Misfortune for 220 gold pieces
 21763 | Orc:2    | Learned a level 1 spell: Confusing Touch
 21766 | Orc:2    | Learned a level 2 spell: Swiftness
 22609 | D:12     | You fall into a shaft and drop 3 floors!
 22609 | D:15     | Entered Level 15 of the Dungeon
 23492 | D:15     | Reached skill level 10 in Dodging
 23523 | D:15     | Found a staircase to the Depths.
 24083 | D:14     | Reached XP level 16. HP: 146/146 MP: 28/28
 24267 | D:14     | Found a gate to the Vaults.
 24829 | D:13     | Found a portal to a secret trove of treasure.
 25366 | D:12     | Found Sait's General Store.
 25372 | D:12     | Bought a potion of haste for 110 gold pieces
 25707 | Snake:1  | Entered Level 1 of the Snake Pit
 27347 | Snake:2  | You fall into a shaft and drop 1 floor!
 27348 | Snake:3  | Noticed a nagaraja
 27765 | Snake:2  | Found Arasch's Book Boutique.
 27767 | Snake:2  | Found Quogiocwe's Assorted Antiques.
 27767 | Snake:2  | Found Aceirch's Book Boutique.
 27772 | Snake:2  | Found Gougawk's Jewellery Shop.
 27781 | Snake:2  | Bought a pair of pitted boots for 294 gold pieces
 27781 | Snake:2  | Identified the +0 pair of boots of Nyozxune {+Inv} (You
                  | bought it in a shop on level 2 of the Snake Pit)
 27782 | Snake:2  | Bought a pair of embroidered boots for 232 gold pieces
 27782 | Snake:2  | Bought a potion of heal wounds for 155 gold pieces
 27805 | Snake:2  | Reached skill level 15 in Fighting
 27950 | Snake:2  | Reached XP level 17. HP: 66/156 MP: 23/30
 29259 | Snake:3  | Found Ymis's Gadget Boutique.
 29259 | Snake:3  | Found Winedgh's Jewellery Emporium.
 29260 | Snake:3  | Found Vyrur's Gadget Boutique.
 29861 | Snake:3  | Noticed Vashnia
 29928 | Snake:3  | Killed Vashnia
 30949 | Snake:4  | Entered Level 4 of the Snake Pit
 31046 | Shoals:1 | Entered Level 1 of the Shoals
 31087 | Shoals:1 | Found a runed translucent gate.
 31087 | Shoals:1 | Found a runed translucent gate.
 31087 | Shoals:1 | Found a runed translucent gate.
 31088 | Shoals:1 | Noticed popps's ghost (adept GrFi)
 31461 | Shoals:1 | Identified the cursed +1 ring mail of Past Mistakes {rF+
                  | Int+4}
 31491 | Shoals:1 | Noticed Jorgrun
 31511 | Shoals:1 | Killed Jorgrun
 32281 | Shoals:2 | Noticed Kirke
 32307 | Shoals:2 | Reached XP level 18. HP: 84/163 MP: 24/32
 32325 | Shoals:2 | Killed Kirke
 33557 | Shoals:3 | Found Juegh's Jewellery Shoppe.
 33721 | Shoals:4 | Entered Level 4 of the Shoals
 33721 | Shoals:4 | Noticed Donald
 33741 | Shoals:3 | Killed Donald
 34065 | Elf:1    | Entered Level 1 of the Elven Halls
 34187 | Elf:1    | Noticed a Hell Sentinel
 34712 | Elf:1    | Identified the Guide on Companions
 34821 | Elf:1    | Identified Roxanne's Volume of Transmutation
 34821 | Elf:1    | Noticed Roxanne
 34849 | Elf:1    | Noticed Azrael
 34879 | Elf:1    | Killed Azrael
 35747 | Elf:2    | Found Urumagh's Magic Scroll Shoppe.
 35759 | Elf:2    | Bought a scroll of teleportation for 57 gold pieces
 35759 | Elf:2    | Bought a scroll of teleportation for 57 gold pieces
 35759 | Elf:2    | Bought a scroll of summoning for 180 gold pieces
 35759 | Elf:2    | Bought a scroll of magic mapping for 66 gold pieces
 35759 | Elf:2    | Bought a scroll of fear for 66 gold pieces
 35989 | Elf:2    | Identified a scroll of acquirement
 35995 | Elf:2    | Got a fine crystal plate armour
 35996 | Elf:2    | Identified the +14 crystal plate armour of the Nexus
                  | {*Contam rF+ Regen+} (You acquired it on level 2 of the
                  | Elven Halls)
 36298 | Elf:2    | Found a huge runed translucent gate.
 36298 | Elf:2    | Found a huge runed translucent gate.
 36298 | Elf:2    | Found a huge runed translucent gate.
 36298 | Elf:2    | Found a huge runed translucent gate.
 36300 | Elf:2    | Found a huge runed translucent gate.
 36338 | Elf:3    | Entered Level 3 of the Elven Halls
 36551 | Elf:3    | Reached XP level 19. HP: 148/173 MP: 27/34
 37435 | Snake:4  | Found Hagidusm's Weapon Emporium.
 37444 | Snake:4  | Found Zeuplof's Jewellery Shoppe.
 37446 | Snake:4  | Found Ceumeuji's Armour Emporium.
 37790 | Snake:4  | Reached skill level 15 in Armour
 38342 | Snake:4  | Got a serpentine rune of Zot
 38664 | Shoals:1 | Killed popps's ghost
 38852 | Shoals:4 | Identified the +8 long sword of Imbalance {antimagic, rPois
                  | Int+4}
 38857 | Shoals:4 | Got a barnacled rune of Zot
 39341 | Shoals:4 | Reached XP level 20. HP: 180/184 MP: 35/35
 39384 | Shoals:4 | Got a heavily runed platinum ring
 39385 | Shoals:4 | Identified the ring "Hoibraw" {MR- Str+4 Int+4 Stlth-} (You
                  | found it on level 4 of the Shoals)
 39408 | Shoals:4 | Found a runed translucent door.
 39492 | Shoals:4 | Identified the +6 great mace of the Ancient Mice {freeze,
                  | rPois} (You found it on level 4 of the Shoals)
 40140 | Vaults:1 | Entered Level 1 of the Vaults
 40867 | Vaults:1 | Found Zuelumo's Gadget Boutique.
 41614 | Vaults:2 | Reached XP level 21. HP: 193/193 MP: 37/37
 43065 | Vaults:3 | Found a staircase to the Crypt.
 44581 | Vaults:4 | Noticed an ancient lich
 44596 | Vaults:4 | Killed an ancient lich
 44603 | Vaults:4 | Reached XP level 22. HP: 183/203 MP: 32/38
 45273 | Depths:1 | Entered Level 1 of the Depths
 46312 | Depths:1 | Found a gateway to Hell.
 47115 | Depths:2 | Found a bloodstained altar of Trog.
 47203 | Depths:2 | Found a hide-covered altar of Uskayaw.
 47226 | Depths:2 | Cast into level 2 of the Abyss (reaper)
 47267 | Abyss:2  | Reached XP level 23. HP: 179/213 MP: 40/40
 47409 | Depths:2 | Escaped the Abyss
 47482 | Depths:2 | Found a sacrificial altar of Ru.
 47625 | Depths:2 | Noticed a golden dragon
 47917 | Depths:2 | Killed a golden dragon
 47974 | Depths:2 | Found a blossoming altar of Fedhas.
 47990 | Depths:2 | Noticed a golden dragon
 48005 | Depths:2 | Killed a golden dragon
 48233 | Depths:2 | Reached skill level 5 in Shields
 48649 | Depths:2 | Got a jewelled scale mail
 48650 | Depths:2 | Identified the cursed +1 scale mail of Elyvilon's
                  | Benevolence {rElec rC++ rCorr Str-4} (You found it on level
                  | 2 of the Depths)
 48735 | Depths:3 | Reached skill level 27 in Invocations
 48995 | Depths:3 | Noticed a golden dragon
 49002 | Depths:3 | Noticed a golden dragon
 49003 | Depths:3 | Paralysed by a floating eye for 4 turns
 49033 | Depths:3 | Killed a golden dragon
 49057 | Depths:3 | Killed a golden dragon
 49180 | Depths:3 | Found a gateway to a ziggurat.
 49250 | Depths:3 | Reached skill level 10 in Shields
 49259 | Depths:3 | Reached XP level 24. HP: 196/222 MP: 35/40
 49268 | Depths:3 | Found a one-way gate leading to the halls of Pandemonium.
 50265 | Depths:4 | Found a glowing golden altar of the Shining One.
 50432 | Depths:4 | Noticed Margery
 50456 | Depths:4 | Killed Margery
 50827 | Depths:4 | Found a one-way gate to the infinite horrors of the Abyss.
 50970 | Depths:5 | Entered Level 5 of the Depths
 51128 | Depths:5 | Reached skill level 15 in Shields
 51235 | Depths:5 | Found a gate to the Realm of Zot.
 51789 | Depths:5 | Got a faintly glowing pewter ring
 51820 | Depths:4 | Identified the ring "Usulifal" {rF+ Str+3 Dex+2 Slay+2}
                  | (You found it on level 5 of the Depths)
 51872 | Depths:3 | Gained mutation: Your spells are a little easier to cast,
                  | but a little less powerful. [mutagenic glow]
 51974 | D:11     | Gained mutation: Potions are less effective at restoring
                  | your health. [mutagenic glow]
 52152 | Snake:3  | Bought the cursed necklace of Bloodlust {*Rage +Rage MR++
                  | Int-3 Slay+6 *Curse} for 1314 gold pieces
 52152 | Snake:3  | Found the cursed necklace of Bloodlust {*Rage +Rage MR++
                  | Int-3 Slay+6 *Curse}
 52158 | Snake:3  | Lost mutation: You are agile. (Dex +2) [potion of mutation]
 52158 | Snake:3  | Lost mutation: Your spells are a little easier to cast, but
                  | a little less powerful. [potion of mutation]
 52158 | Snake:3  | Lost mutation: Potions are less effective at restoring your
                  | health. [potion of mutation]
 52372 | Elf:1    | Killed Roxanne
 52665 | Elf:3    | Reached XP level 25. HP: 188/231 MP: 36/40
 52930 | Elf:3    | Identified the amulet "Xonivab" {Harm *Drain MR+ Int+2}
 52939 | Elf:3    | Identified the Disquisition on Blistering Augmentations
 52968 | Elf:3    | Got a shimmering wooden ring
 53198 | Elf:3    | Identified the ring of Hegruedu {rCorr Int+5 Dex+6} (You
                  | found it on level 3 of the Elven Halls)
 53211 | Elf:3    | Got a transparent granite ring
 53212 | Elf:3    | Identified the ring of Farghezo {+Blink rC++ MR- Str+4
                  | Stlth-} (You found it on level 3 of the Elven Halls)
 53986 | Snake:3  | Bought an uncursed ring of positive energy for 380 gold
                  | pieces
 54336 | Crypt:1  | Entered Level 1 of the Crypt
 54476 | Crypt:1  | Reached skill level 15 in Dodging
 54502 | Crypt:1  | Found an ancient bone altar of Kikubaaqudgha.
 55284 | Crypt:3  | Entered Level 3 of the Crypt
 55765 | Crypt:3  | Reached XP level 26. HP: 164/240 MP: 26/40
 55825 | Crypt:3  | Noticed Boris
 55839 | Crypt:3  | Killed Boris
 55869 | Crypt:3  | Found a staircase to the Tomb.
 55948 | Crypt:3  | Noticed Khufu
 56002 | Crypt:2  | Killed Khufu
 56027 | Crypt:3  | Noticed a greater mummy
 56033 | Crypt:3  | Killed a greater mummy
 56065 | Crypt:3  | Noticed a greater mummy
 56065 | Crypt:3  | Paralysed by a vampire knight for 2 turns
 56072 | Crypt:3  | Killed a greater mummy
 56868 | Crypt:3  | Found a corrupted altar of Lugonu.
 57130 | Crypt:3  | Noticed an ancient lich
 57132 | Crypt:3  | Found the +6 Majin-Bo {vamp, Archmagi MP+6 Int+6}
 57137 | Crypt:3  | Killed an ancient lich
 57164 | Crypt:3  | Identified the +0 pair of gloves of Siexuis {rF- Str+10
                  | Int-5 SInv} (You found it on level 3 of the Crypt)
 57769 | Vaults:5 | Entered Level 5 of the Vaults
 57791 | Vaults:5 | Reached skill level 1 in Poison Magic
 57828 | Vaults:5 | Reached skill level 5 in Poison Magic
 57898 | Vaults:5 | Got a silver rune of Zot
 57988 | Vaults:5 | Reached XP level 27. HP: 207/248 MP: 40/40
 58211 | Vaults:5 | Identified the cursed +1 long sword of Nuckerra {slice,
                  | +Fly Str+4 Stlth+}
 58233 | Vaults:5 | Got a warped leather armour
 58258 | Vaults:5 | Reached skill level 10 in Poison Magic
 58567 | Vaults:5 | Identified the +1 chain mail of Past Mistakes {rC+}
 58901 | Vaults:5 | Identified the amulet "Sempyer" {RegenMP MR+ Str+2 Int-2}
 58915 | Vaults:5 | Identified the ring of Kedal {rF+ rN+ Int+2}
 58916 | Vaults:5 | Identified the +9 scimitar "Yzaweggo" {flame, +Inv MR-
                  | Str+4 Int+3}
 59101 | Vaults:5 | Identified the +1 leather armour of Agoraphobia {rPois rN+}
                  | (You found it on level 5 of the Vaults)
 59227 | Vaults:5 | Identified the Handbook of Mutagenic Toxins
 59948 | Depths:4 | Learned a level 2 spell: Passwall
 60018 | Depths:4 | Got a warped emerald amulet
 60020 | Depths:4 | Got a pitted bronze ring
 60022 | Depths:4 | Identified the ring "Uhenn" {MR+ Stlth-} (You found it on
                  | level 4 of the Depths)
 60110 | Depths:4 | Voluntarily entered the Abyss.
 60564 | Abyss:3  | Found a corrupted altar of Lugonu.
 60579 | Abyss:3  | Identified the amulet "Mitudgh" {RegenMP rC++ Slay-2} (You
                  | found it on level 4 of the Depths)
 60618 | Abyss:3  | Found a corrupted altar of Lugonu.
 60686 | Abyss:3  | Reached skill level 27 in Armour
 60745 | Abyss:3  | Paralysed by you for 5 turns
 61248 | Abyss:4  | Found a stormy altar of Qazlal.
 61301 | Abyss:4  | Reached skill level 5 in Evocations
 61305 | Abyss:4  | Found a stormy altar of Qazlal.
 61783 | Abyss:4  | Found an ornate altar of the Wu Jian Council.
 61893 | Abyss:4  | Found a snail-covered altar of Cheibriados.
 62280 | Abyss:4  | Paralysed by accursed screaming for 1 turns
 62316 | Abyss:4  | Paralysed by accursed screaming for 2 turns
 62525 | Abyss:4  | Got an abyssal rune of Zot
 62544 | Abyss:5  | Entered Level 5 of the Abyss
 62568 | Depths:4 | Escaped the Abyss
 62975 | Slime:1  | Entered Level 1 of the Pits of Slime
 63060 | Slime:3  | Paralysed by a floating eye for 3 turns
 63182 | Slime:5  | Entered Level 5 of the Pits of Slime
 63304 | Slime:5  | Found a viscous altar of Jiyva.
 63319 | Slime:5  | Paralysed by a great orb of eyes for 7 turns
 63342 | Slime:5  | Reached skill level 10 in Evocations
 63461 | Slime:5  | Noticed the Royal Jelly
 63488 | Slime:5  | Killed the Royal Jelly
 63583 | Slime:5  | Found the ring of Phasing {EV+8}
 63605 | Slime:5  | Found the amulet of the Four Winds {rN+ MR+++ Clar}
 63692 | Slime:5  | Got a coiled bronze ring
 63702 | Slime:5  | Identified the ring "Zemiac" {rN+ Str+7} (You found it on
                  | level 5 of the Pits of Slime)
 63703 | Slime:5  | Identified the ring of the Ego {+Blink +Inv rN+ Str-3
                  | Dex+2} (You found it on level 5 of the Pits of Slime)
 63705 | Slime:5  | Got a slimy rune of Zot
 63718 | Slime:5  | Identified the Handbook of Lightness and Envenoming (You
                  | acquired it on level 5 of the Pits of Slime)
 64039 | D:12     | Bought the amulet of the Air {Inacc +Fly rElec EV+5 RMsl}
                  | for 523 gold pieces
 64039 | D:12     | Found the amulet of the Air {Inacc +Fly rElec EV+5 RMsl}
 64242 | Zot:1    | Entered Level 1 of the Realm of Zot
 65635 | Zot:4    | Reached skill level 27 in Fighting
 66049 | Zot:4    | Noticed an orb of fire
 66074 | Zot:4    | Killed an orb of fire
 66074 | Zot:4    | Reached skill level 15 in Evocations
 66960 | Zot:5    | Entered Level 5 of the Realm of Zot
 67121 | Zot:5    | Learned a level 3 spell: Spectral Weapon
 68005 | Snake:2  | Bought the amulet of Makhleb's Vengeance {-Tele Regen+
                  | Int+3 SInv} for 670 gold pieces
 68630 | Zot:5    | Noticed an ancient lich
 68670 | Zot:5    | Killed an ancient lich
 68820 | Zot:5    | Noticed an orb of fire
 68842 | Zot:5    | Killed an orb of fire
 68844 | Zot:5    | Noticed an ancient lich
 68852 | Zot:5    | Killed an ancient lich
 68932 | Zot:5    | Noticed an ancient lich
 68940 | Zot:5    | Cast into level 5 of the Abyss (an ancient lich)
 68940 | Abyss:5  | Entered Level 5 of the Abyss
 69217 | Zot:5    | Escaped the Abyss
 69246 | Zot:5    | Cast into level 5 of the Abyss (an ancient lich)
 69246 | Abyss:5  | Entered Level 5 of the Abyss
 69291 | Zot:5    | Escaped the Abyss
 69313 | Zot:5    | Killed an ancient lich
 69555 | Zot:5    | Got the Orb of Zot
 69947 | D:12     | Noticed Yleruqon the pandemonium lord
 70096 | D:$      | Escaped with the Orb!

Levels and vault maps discovered:
D:1:      wander_arrival_peaceful_grave, layout_basic
D:2:      layout_loops_ring
D:3:      layout_rooms, grunt_decor_fettered, minmay_crystal_water
D:4:      layout_loops_ring, kennysheep_mini_moat, first_ration,
          nicolae_gozag_seed_capital
D:5:      layout_cave_pods
D:6:      layout_rooms, minmay_temple_entry_slanted, fedhas_ov_isle_minmay,
          uniq_duvessa
D:7:      layout_loops_corners, serial_shops, shop_coins, uniq_pikel
D:8:      layout_cave_pools, uniq_joseph
D:9:      layout_long_grid, lair_entry_dummy, zombieorc1_lemuel, david_nohive_1,
          nzn_random_ring
D:10:     layout_gridville, basic_altar, uniq_urug
D:11:     layout_gridville, chequers_serial_rivers_micro_d,
          minmay_fractal_squares_diagonal_5
D:12:     layout_big_octagon, serial_shops, kennysheep_little_box,
          portal_ice_cave_entry_imps
D:13:     layout_roguey, enter_trove_1, serial_bayou_pond_e
D:14:     layout_gridville, grunt_vaults_entry_tiered, disabler_island
D:15:     gammafunk_enter_depths_forms, layout_long_grid,
          hangedman_decor_clover_reticule
Temple:   kilobyte_greek_temple
Lair:1:   layout_gridlike, infiniplex_staircase_pool_2
Lair:2:   layout_misc_corridors, guppyfry_snake_entry_garden, ebering_ghost_xom,
          serial_bayou_shore_a, lemuel_fruit_fields, lemuel_fruit_fields,
          lemuel_fruit_tree, uniq_prince_ribbit2
Lair:3:   layout_long_grid, minmay_shoals_entry_centaurs, st_stairs_8,
          grunt_megastairs_3
Lair:4:   layout_regular_city, grunt_megastairs_1
Lair:5:   layout_misc_corridors, dpeg_slime_entry_enclosed_altar,
          grunt_megastairs_5
Lair:6:   guppyfry_lair_end_dragon, layout_small_grid,
          hangedman_lair_caniforms_friends, lookout_lair_type
Shoals:1: layout_shoals, gammafunk_ghost_necromancy, uniq_jorgrun
Shoals:2: layout_shoals, uniq_kirke
Shoals:3: layout_shoals, minmay_shop_enchanted_jewellery
Shoals:4: shoals_end_grunt_garden, layout_shoals, lightli_airlock, uniq_donald
Snake:1:  layout_concentric_octagons, grunt_megastairs_2
Snake:2:  layout_cave_shapes, serial_bayou_crossing, grunt_megastairs_4,
          minmay_shoptagon
Snake:3:  layout_onion_interference, minmay_shop_grove, uniq_vashnia
Snake:4:  snake_pit, layout_layer_cave, serial_bayou_shore_b, minmay_shop_star
Slime:1:  layout_caves
Slime:2:  layout_caves
Slime:3:  layout_caves
Slime:4:  nicolae_slime_jelly_donut, layout_caves
Slime:5
Orc:1:    layout_caves, uniq_erica, uniq_gastronok
Orc:2:    st_orc_open, layout_diamond_mine, basic_altar
Elf:1:    layout_geoelf_diagonals, minmay_elf_demonology, minmay_crystal_room,
          item_on_display_a, uniq_azrael, uniq_roxanne
Elf:2:    layout_geoelf_octagon, serial_shops, nicolae_shop_crystal,
          solitary_fountain
Elf:3:    minmay_elf_hall_spiked, layout_loops_corners
Vaults:1: hangedman_vaults_variations, nicolae_vaults_stairing_the_circle,
          v_alt_pattern_6, v_misc_22, nicolae_vaults_back_hallway,
          vaults_room_corners, nicolae_vaults_little_squares_6, v_misc_24,
          v_misc_17, ontoclasm_vaults_gateway, layout_vaults_big_room,
          serial_shops, nicolae_shop_window_shopping
Vaults:2: hangedman_vaults_pinch, grunt_vaults_bifocal, vaults_mumra_minichess,
          ontoclasm_vaults_spin, v_misc_3, ontoclasm_vaults_ring_square,
          vaults_standard_mumra_x, v_misc_12, vaults_dpeg_cross,
          layout_vaults_omnicross
Vaults:3: vaults_room_grid, minmay_crypt_entry_vampire_xt, v_alt_pattern_6,
          nicolae_vaults_circle_grid_a, nicolae_vaults_little_squares_2,
          ontoclasm_vaults_idyll, ontoclasm_vaults_eye, vaults_room_hallway,
          v_misc_30, v_misc_25, hangedman_vaults_cutoff, nicolae_vaults_theta,
          vaults_room_glass_cross, ontoclasm_vaults_twist,
          layout_vaults_omnigrid
Vaults:4: nicolae_vaults_network_square, dpeg_vaults_pockets_of_resistance,
          v_misc_11, vaults_dpeg_encased_lava, v_misc_25,
          nicolae_vaults_network_periphery, ontoclasm_vaults_idyll,
          nicolae_vaults_shelves_hall, v_misc_19, grunt_vaults_hallway_short,
          layout_vaults_omnibox
Vaults:5
Crypt:1:  layout_chaotic_city, basic_altar, minmay_misc_feat_ornament
Crypt:2:  layout_gridlike
Crypt:3:  due_elkab, layout_chaotic_city, chequers_big_river, minivault_11,
          lemuel_hellish_altar, uniq_khufu, uniq_boris
Depths:1: hangedman_surveillance_ring, layout_basic, hell_entry,
          chequers_serial_rivers_small_3, due_unseen_surprise,
          kennysheep_random_hallway, serial_bayou_shore_b
Depths:2: grunt_profane_halls [grunt_profane_temple_geh,
          grunt_profane_temple_coc, grunt_profane_temple_tar,
          grunt_profane_temple_dis, grunt_profane_loot], serial_shops,
          hell_entry
Depths:3: kennysheep_green_arena, layout_gridlike, enter_ziggurat_b,
          rand_demon_pan_entry_5, minmay_misc_feat_rugged, hell_entry
Depths:4: minmay_haunted_quarter, layout_basic, grunt_metal_band, pan_entry,
          abyss_entry_crystal, tso_altar, minmay_staircase_bubble
Depths:5: evilmike_zot_entry_gauntlet, layout_cave_shapes, hell_entry,
          kennysheep_doodads, hangedman_decor_peaks_small, grunt_ministairs_5,
          kilobyte_mutagenic_chamber, serial_bayou_shore_b
Zot:1:    layout_onion_interference, drop_trap
Zot:2:    nicolae_zot_stationary_front, layout_misc_corridors
Zot:3:    layout_misc_corridors
Zot:4:    lemuel_acid_trip, layout_onion_interference
Zot:5:    layout_cathedral_of_symmetry, bh_zot_lava_cross, st_stairs_11

Skill      XL: |  1  2  3  4  5  6  7  8  9 10 11 12 13 14 15 16 17 18 19 20 21 22 23 24 25 26 27 |
---------------+----------------------------------------------------------------------------------+-----
Armour         | 1 2 3 4 5 6 7 8 9 11 12 13 14 16 17 18 19 20 22 25 27 | 27.0
Fighting       | 4 5 6 7 8 9 10 11 13 14 15 16 17 18 19 20 27 | 27.0
Stealth        | 2 3 |  3.3
Maces & Flails | 1 2 3 |  3.1
Dodging        | 3 4 5 6 7 9 10 11 12 13 14 15 19 | 19.0
Evocations     | 1 2 17 | 17.3
Axes           | 5 7 8 10 12 14 16 18 | 18.0
Invocations    | 4 6 9 11 12 13 15 17 19 20 22 23 24 25 26 27 | 27.0
Shields        | 4 10 16 | 16.0
Poison Magic   | 7 12 | 12.3

Action                   |  1- 3 |  4- 6 |  7- 9 | 10-12 | 13-15 | 16-18 | 19-21 | 22-24 | 25-27 || total
-------------------------+-------+-------+-------+-------+-------+-------+-------+-------+-------++-------
Melee: Hand axe          |    49 |       |       |       |       |       |       |       |       ||    49
       Whip              |    56 |   146 |    90 |       |       |       |       |       |       ||   292
       War axe           |       |       |   226 |   865 |  1127 |  1336 |       |    29 |       ||  3583
       Broad axe         |       |       |       |       |       |   216 |  1443 |  1502 |  3982 ||  7143
Throw: Dart              |       |     3 |     1 |    24 |     1 |     3 |       |       |       ||    32
 Cast: Passwall          |       |       |       |       |       |       |       |       |     1 ||     1
Invok: Recite            |       |       |     5 |    19 |    33 |    69 |    56 |    45 |   107 ||   334
       Vitalisation      |       |       |     1 |    19 |    21 |    31 |    20 |    12 |    35 ||   139
       Sanctuary         |       |       |       |     2 |       |       |       |       |       ||     2
       Imprison          |       |       |       |       |     1 |       |       |       |       ||     1
Evoke: Wand              |       |       |    12 |    28 |    10 |    16 |     2 |     5 |    10 ||    83
       Phantom mirror    |       |       |       |       |       |       |       |     1 |       ||     1
       Lamp of fire      |       |       |       |       |       |       |       |     2 |       ||     2
  Use: Scroll            |     5 |     2 |     9 |    14 |    15 |    28 |    12 |    16 |    32 ||   133
       Potion            |       |     3 |     6 |    10 |     8 |    10 |     6 |     8 |    30 ||    81
 Stab: Sleeping          |     1 |       |       |       |     1 |       |       |       |       ||     2
       Betrayed ally     |       |       |     1 |       |       |       |       |       |       ||     1
       Invisible         |       |       |       |     3 |     5 |       |     1 |     2 |    13 ||    24
       Confused          |       |       |       |     8 |    36 |    99 |   115 |    74 |   118 ||   450
       Paralysed         |       |       |       |     3 |    17 |    22 |    37 |    35 |    18 ||   132
       Distracted        |       |       |       |     1 |       |     1 |       |     1 |       ||     3
       Fleeing           |       |       |       |       |       |     1 |       |       |       ||     1
  Eat: Chunk             |     1 |     4 |     6 |    10 |     5 |     8 |       |     3 |     5 ||    42
       Ration            |       |       |     2 |     9 |     6 |    10 |    10 |     8 |    16 ||    61
Armor: Chain mail        |    58 |    73 |   233 |   526 |   268 |   406 |       |       |       ||  1564
       Robe              |     1 |       |       |       |       |       |       |       |       ||     1
       Ring mail         |       |       |       |       |    40 |       |       |       |       ||    40
       Steam dragon scal |       |       |       |       |    11 |       |       |       |       ||    11
       Crystal plate arm |       |       |       |       |       |    75 |   813 |   855 |  1537 ||  3280
Dodge: Dodged            |    43 |    51 |   155 |   545 |   487 |   719 |   534 |   784 |  1454 ||  4772
Block: Buckler           |       |       |       |    42 |   191 |   329 |   284 |   141 |       ||   987
       Shield            |       |       |       |       |       |       |       |   481 |  2396 ||  2877
